 Dungeon Crawl Stone Soup version 0.29.1 (webtiles) character file.

Game seed: 13268563270819234484

9450 funkygono the Arsonist (level 11, -16/59 HPs)
             Began as a Gargoyle Fire Elementalist on Sept 13, 2022.
             Was a Believer of Vehumet.
             Demolished by a +3 scimitar of chaos (19 damage)
             ... on level 9 of the Dungeon.
             The game lasted 00:21:25 (11739 turns).

funkygono the Arsonist (GrFE)                      Turns: 11739, Time: 00:21:25

Health: -16/59     AC: 24    Str: 11    XL:     11   Next: 46%
Magic:  18/25      EV: 17    Int: 24    God:    Vehumet [**....]
Gold:   305        SH:  0    Dex: 10    Spells: 18/30 levels left

rFire   . . .      SeeInvis .   w - +8 flail (drain)
rCold   . . .      Faith    .   (no shield)
rNeg    + + .      Spirit   .   s - +3 leather armour {rN+}
rPois   ∞          Reflect  .   P - +1 hat {Int+3}
rElec   +          Harm     .   L - +0 cloak
rCorr   .          Rampage  +   v - +1 pair of gloves
Will    .....                   E - +1 pair of boots {rampage}
Stlth   ++........              r - amulet of magic regeneration
HPRegen 0.19/turn               f - ring of wizardry
MPRegen 0.59/turn               D - +4 ring of protection

@: agile
A: sickness immunity, AC +8, negative energy resistance 1, electricity
resistance, torment resistance 1, petrification resistance
a: Renounce Religion


You were on level 9 of the Dungeon.
You worshipped Vehumet.
Vehumet was pleased with you.
You visited 2 branches of the dungeon, and saw 10 of its levels.
You also visited: Sewer.

You collected 492 gold pieces.
You spent 187 gold pieces at shops.

Inventory:

Hand Weapons
 t - a +1 vorpal whip
 w - a +8 flail of draining (weapon)
 O - a +2 whip of flaming
Missiles
 i - 3 throwing nets
Armour
 s - a +3 leather armour of positive energy (worn)
 v - a +1 pair of gloves (worn)
 y - +0 acid dragon scales
 C - a +3 ring mail
 E - a +1 pair of boots of rampaging (worn)
 L - a +0 cloak (worn)
 P - a +1 hat of intelligence (worn)
Magical Staves
 l - a staff of fire
 F - a staff of air
Jewellery
 f - a ring of wizardry (left hand)
 m - a ring of resist corrosion
 r - an amulet of magic regeneration (around neck)
 D - a +4 ring of protection (right hand)
 H - a +6 ring of strength
Wands
 J - a wand of roots (21)
 K - a wand of mindburst (20)
 N - a wand of flame (21)
 Q - a wand of acid (10)
Scrolls
 g - 2 scrolls of poison
 j - a scroll of blinking
 k - 2 scrolls of brand weapon
 B - a scroll of fear
 G - 4 scrolls of teleportation
Potions
 a - a potion of attraction
 b - a potion of magic
 c - 3 potions of curing
 d - 3 potions of might
 h - a potion of resistance
 n - a potion of lignification
 o - 2 potions of haste
 q - 2 potions of mutation
 u - 2 potions of berserk rage
 z - a potion of heal wounds {unknown}
 A - a potion of degeneration {unknown}


   Skills:
 + Level 2.7 Fighting
 + Level 3.4 Maces & Flails
 + Level 3.6 Armour
 + Level 3.6 Dodging
 - Level 2.1 Stealth
 + Level 10.1 Spellcasting
 + Level 6.5 Conjurations
 + Level 11.0 Fire Magic


You had 18 spell levels left.
You knew the following spells:

 Your Spells              Type           Power      Damage    Failure   Level
a - Foxfire               Conj/Fire      100%       2x1d9     1%          1
b - Scorch                Fire           100%       2d10      1%          2
c - Conjure Flame         Conj/Fire      53%        6-21      1%          3
d - Flame Wave            Conj/Fire      53%        2d13      1%          4
e - Shock                 Conj/Air       100%       1d9       1%          1
f - Magic Dart            Conj           100%       1d8       1%          1

Your spell library contained the following spells:

 Spells                   Type           Power      Damage    Failure   Level
 Static Discharge         Conj/Air       27%        3-7/arc   1%          2
 Ignite Poison            Fire/Tmut/Pois 29%        N/A       1%          3
 Inner Flame              Hex/Fire       38%        N/A       1%          3
 Apportation              Tloc           24%        N/A       2%          1
 Freeze                   Ice            48%        1d7       2%          1
 Necrotise                Necr           48%        1d6       2%          1
 Summon Small Mammal      Summ           48%        N/A       2%          1
 Mephitic Cloud           Conj/Pois/Air  22%        N/A       3%          3
 Ensorcelled Hibernation  Hex/Ice        24%        N/A       4%          2
 Hailstorm                Conj/Ice       27%        3d7       7%          4
 Frozen Ramparts          Ice            24%        1d4       9%          3
 Spider Form              Tmut/Pois      12%        N/A       9%          3
 Swiftness                Air            12%        N/A       9%          3
 Airstrike                Air            6%         2d(1-17)  26%         4
 Anguish                  Hex/Necr       6%         N/A       26%         4
 Freezing Cloud           Conj/Ice/Air   11%        6-21      28%         5


Dungeon Overview and Level Annotations

Branches:
Dungeon (9/15)             Temple (1/1) D:7            Lair (0/5) D:8
  Sewer (visited)
    Orc: D:9-12

Altars:
Ashenzari
Cheibriados
Dithmenos
Elyvilon
Fedhas
Gozag
Hepliaklqana
Kikubaaqudgha
Makhleb
Nemelex Xobeh
Okawaru
Qazlal
Ru
Sif Muna
Trog
Uskayaw
Vehumet
Wu Jian
Xom
Yredelemnul
Zin
The Shining One

Shops:
D:1 *   D:7 :*

Annotations:
D:9 MisterFreud's ghost, novice MeFi


Innate Abilities, Weirdness & Mutations

You are immune to sickness and miasma.
Your stone body is resilient. (AC +8)
You are immune to poison.
You resist negative energy. (rN+)
You are resistant to electric shocks. (rElec)
You are resistant to unholy torment.
You are immune to petrification.


Message History

Casting: Foxfire (safe; 1% risk of failure)
Confirm with . or Enter, or press ? or * to list all spells.
Flames lash the +3 scimitar of chaos but do no damage.
The foxfire hits the +3 scimitar of chaos but does no damage.
The foxfire hits the +3 scimitar of chaos.
The +3 scimitar of chaos resists.
The +3 scimitar of chaos is lightly damaged.
The +3 scimitar of chaos barely misses you.
The +3 scimitar of chaos hits you!!
* * * LOW HITPOINT WARNING * * *
You feel agile all of a sudden.
Casting: Scorch (safe; 1% risk of failure)
Confirm with . or Enter, or press ? or * to list all spells.
Flames lash the +3 scimitar of chaos.
The +3 scimitar of chaos completely resists.
The +3 scimitar of chaos closely misses you.
Casting: Scorch (safe; 1% risk of failure)
Confirm with . or Enter, or press ? or * to list all spells.
Flames lash the +3 scimitar of chaos.
The +3 scimitar of chaos resists.
The +3 scimitar of chaos is lightly damaged.
The +3 scimitar of chaos's fire resistance burns away.
The +3 scimitar of chaos hits you but does no damage. x2
Unknown command.
The +3 scimitar of chaos completely misses you.
The +3 scimitar of chaos is no longer more vulnerable to fire.
The +3 scimitar of chaos hits you but does no damage.
Unknown command.
Casting: Scorch (safe; 1% risk of failure)
Confirm with . or Enter, or press ? or * to list all spells.
You conjure some foxfire!
The +3 scimitar of chaos hits you but does no damage.
The +3 scimitar of chaos misses you.
Casting: Foxfire (safe; 1% risk of failure)
Confirm with . or Enter, or press ? or * to list all spells.
You conjure some foxfire!
The foxfire hits the +3 scimitar of chaos but does no damage.
The foxfire hits the +3 scimitar of chaos.
The +3 scimitar of chaos completely resists.
The +3 scimitar of chaos hits you!!
You die...

#....# #.# #.#### #.# ########
#.# #.# #....... #####'##### #.#
#....... #.......(.# ##.#
#....... #.........#######..#
#....... #.........'.......####
#.......
##.........#####.v....####.......
.'.........# #@(###............
.#.........# ##.## #####........
.#.........# #..# ##(#........
########'### ##.## #._'....[...
#..# #..# ##.#..#.#### #.##
##'##########..#..## #.#
#...........#####..##
#######'#####...........# ##...
#........##.'...........# #####'


You could see a +3 scimitar of chaos (ally target).

Vanquished Creatures
  Gastronok (D:8)
  Harold (D:9)
  A two-headed ogre (D:9)
  Pikel (D:8)
  Maurice (D:8)
  Joseph (D:8)
  Maggie (D:7)
  Grinder (D:3)
  A troll (D:9)
  Prince Ribbit (D:8)
  Sigmund (D:5)
  6 yaks (D:9)
  Grum (D:9)
  Menkaure (D:7)
  Edmund (D:5)
  2 acid dragons (D:8)
  Duvessa (D:5)
  A water moccasin (D:6)
  3 orc warriors
  4 black bears (D:8)
  An ice beast (D:7)
  Pargi (Sewer)
  A sky beast (D:6)
  3 wolves (D:9)
  3 centaurs
  2 lemures (D:8)
  2 kobold brigands
  2 phantoms
  4 bullfrogs
  2 necrophages
  2 gnoll sergeants (D:7)
  3 scorpions
  Dowan (D:5)
  3 killer bees (D:9)
  A hound (D:6)
  A jelly (D:4)
  4 orc priests (D:5)
  4 iguanas
  7 orc wizards
  Natasha (thrice) (D:2)
  11 adders
  11 gnolls
  2 shadow imps (D:6)
  6 dart slugs
  20 orcs
  5 ball pythons
  6 endoplasms
  7 giant cockroaches
  5 hobgoblins
  3 quokkas
  4 bats
  6 frilled lizards
  5 goblins
  15 kobolds
  4 rats
191 creatures vanquished.

Vanquished Creatures (collateral kills)
  A foxfire (D:8)
1 creature vanquished.

Vanquished Creatures (others)
  541 foxfires
  19 fungi (D:8)
  27 plants
  4 withered plants (D:2)
591 creatures vanquished.

Grand Total: 783 creatures vanquished

Notes
Turn   | Place    | Note
-------+----------+-------------------------------------------
     0 | D:1      | funkygono the Gargoyle Fire Elementalist began the quest
                  | for the Orb.
     0 | D:1      | Reached XP level 1. HP: 10/10 MP: 3/3
   212 | D:1      | Reached XP level 2. HP: 15/15 MP: 1/5
   276 | D:1      | Learned a level 2 spell: Scorch
   700 | D:1      | Found Ruityw's Assorted Antiques.
   945 | D:1      | Reached XP level 3. HP: 16/19 MP: 0/6
   949 | D:1      | Learned a level 3 spell: Conjure Flame
  1088 | D:2      | Found a faded altar of an unknown god.
  1558 | D:2      | Noticed Natasha
  1563 | D:2      | Killed Natasha
  1564 | D:2      | Reached XP level 4. HP: 24/24 MP: 1/8
  2027 | D:2      | Noticed Natasha
  2032 | D:2      | Killed Natasha
  2346 | D:2      | Noticed Natasha
  2352 | D:2      | Killed Natasha
  2353 | D:2      | Reached XP level 5. HP: 28/28 MP: 4/10
  2439 | D:3      | Noticed Grinder
  2442 | D:3      | Paralysed by Grinder for 4 turns
  2453 | D:3      | Paralysed by Grinder for 5 turns
  2463 | D:3      | Paralysed by Grinder for 4 turns
  2468 | D:3      | Paralysed by Grinder for 3 turns
  2472 | D:3      | Killed Grinder
  2473 | D:3      | Reached skill level 4 in Fire Magic
  2473 | D:3      | Reached XP level 6. HP: 16/32 MP: 1/12
  2478 | D:3      | Learned a level 4 spell: Flame Wave
  2480 | D:3      | Learned a level 1 spell: Shock
  2862 | D:3      | Found a white marble altar of Elyvilon.
  3798 | D:4      | Reached skill level 5 in Fire Magic
  3798 | D:4      | Reached XP level 7. HP: 24/36 MP: 8/14
  4165 | D:4      | Found a burning altar of Makhleb.
  4181 | D:4      | Reached skill level 5 in Spellcasting
  4966 | D:5      | Entered Level 5 of the Dungeon
  4997 | D:5      | Found a glowing drain.
  5051 | Sewer    | Entered a sewer
  5247 | Sewer    | Noticed Pargi
  5257 | Sewer    | Killed Pargi
  5451 | D:5      | Reached XP level 8. HP: 19/42 MP: 6/16
  5452 | D:5      | Reached skill level 6 in Fire Magic
  5714 | D:5      | Noticed Dowan
  5717 | D:5      | Noticed Duvessa
  5721 | D:5      | Killed Dowan
  5725 | D:5      | HP: 2/42 [Duvessa/+0 short sword (18)]
  5728 | D:5      | Killed Duvessa
  6042 | D:5      | Noticed Edmund
  6054 | D:5      | Killed Edmund
  6463 | D:5      | Noticed Sigmund
  6468 | D:5      | Killed Sigmund
  6469 | D:5      | Reached skill level 1 in Fighting
  6469 | D:5      | Reached skill level 7 in Fire Magic
  6784 | D:6      | Reached skill level 1 in Maces & Flails
  6784 | D:6      | Reached skill level 1 in Armour
  6921 | D:6      | Reached XP level 9. HP: 43/47 MP: 15/19
  7728 | D:7      | Found a staircase to the Ecumenical Temple.
  7735 | Temple   | Entered the Ecumenical Temple
  7735 | Temple   | Found a transporter.
  7735 | Temple   | Found a transporter.
  7737 | Temple   | Found a transporter.
  7737 | Temple   | Found a transporter.
  7752 | Temple   | Became a worshipper of Vehumet
  7855 | D:7      | Found Plog's Book Shop.
  8237 | D:7      | Found Bulint's Assorted Antiques.
  8245 | D:7      | Bought a pair of runed boots for 187 gold pieces
  8391 | D:7      | Found a stormy altar of Qazlal.
  8393 | D:7      | Noticed Joseph
  8514 | D:7      | Reached skill level 8 in Fire Magic
  8704 | D:7      | Noticed Maggie
  8708 | D:7      | Noticed Menkaure
  8714 | D:7      | Killed Maggie
  8719 | D:7      | Killed Menkaure
  9217 | D:8      | Reached XP level 10. HP: 53/53 MP: 17/22
  9274 | D:8      | Reached skill level 5 in Conjurations
  9296 | D:8      | Killed Joseph
  9300 | D:8      | Reached skill level 9 in Fire Magic
  9334 | D:8      | Reached * piety under Vehumet
  9334 | D:8      | Offered knowledge of Magic Dart by Vehumet.
  9337 | D:8      | Learned a level 1 spell: Magic Dart
  9724 | D:8      | Noticed Prince Ribbit
  9731 | D:8      | Killed Prince Ribbit
  9836 | D:8      | Noticed Maurice
  9843 | D:8      | Killed Maurice
  9987 | D:8      | Noticed Pikel
 10003 | D:8      | Killed Pikel
 10090 | D:8      | Noticed Gastronok
 10110 | D:8      | Killed Gastronok
 10111 | D:8      | Reached skill level 10 in Fire Magic
 10205 | D:8      | Found a staircase to the Lair.
 10434 | D:9      | Found a runed translucent door.
 10434 | D:9      | Found a shimmering altar of Xom.
 10434 | D:9      | Noticed a +3 scimitar of chaos
 10434 | D:9      | Noticed MisterFreud's ghost (novice MeFi)
 10434 | D:9      | Noticed Grum
 10441 | D:9      | Reached XP level 11. HP: 58/58 MP: 19/24
 10446 | D:9      | Killed Grum
 10653 | D:9      | Noticed a two-headed ogre
 10666 | D:9      | Killed a two-headed ogre
 10989 | D:9      | Offered knowledge of Static Discharge by Vehumet.
 10990 | D:9      | Reached ** piety under Vehumet
 11126 | D:9      | Noticed Harold
 11135 | D:9      | Killed Harold
 11136 | D:9      | Reached skill level 10 in Spellcasting
 11199 | D:9      | Reached skill level 11 in Fire Magic
 11733 | D:9      | HP: 2/59 [+3 scimitar of chaos (23)]
 11739 | D:9      | Demolished by a +3 scimitar of chaos

Illustrated notes

Levels and vault maps discovered:
D:1:      lightli_arrival_maybe_door_vault, layout_rooms, serial_shops,
          nicolae_shop_hallway_plus, grunt_decor_junction
D:2:      layout_rooms, shapermc_ecumenical_altar_flowoftime, roderic_lattice_a,
          uniq_natasha
D:3:      layout_loops_ring, elyvilon_altar_1, uniq_grinder
D:4:      layout_loops_corners, mainiacjoe_overflow_alcove_1
D:5:      layout_basic, gup_sewer_entry_glass, uniq_duvessa, uniq_edmund,
          uniq_sigmund
D:6:      layout_loops_corners
D:7:      layout_cave_pods, grunt_qazlal_sundering,
          minmay_temple_entry_metal_lava, serial_shops, nicolae_shop_waterfront,
          nicolae_shop_trees, uniq_maggie, uniq_menkaure, uniq_joseph
D:8:      layout_loops_ring, grunt_lair_entry_orc_guard_hut, uniq_maurice,
          uniq_pikel, uniq_gastronok, uniq_prince_ribbit1
D:9:      layout_roguey, ebering_ghost_xom, nrook_mini_backslash, uniq_grum,
          uniq_harold
Temple:   hellmonk_temple_divided_pantheon

Skill      XL: |  1  2  3  4  5  6  7  8  9 10 11 |
---------------+----------------------------------+-----
Dodging        | 2 3 |  3.6
Spellcasting   | 3 4 5 6 8 9 10 | 10.1
Conjurations   | 2 3 4 6 |  6.5
Fire Magic     | 4 5 7 8 10 11 | 11.0
Fighting       | 1 2 |  2.7
Maces & Flails | 1 2 3 |  3.4
Armour         | 1 2 3 |  3.6
Stealth        | |  2.1

Action                   |  1- 3 |  4- 6 |  7- 9 | 10-12 || total
-------------------------+-------+-------+-------+-------++-------
Melee: Unarmed           |     9 |       |       |       ||     9
       Staff             |       |    22 |       |       ||    22
       Punch             |       |     3 |       |       ||     3
       Whip              |       |     6 |     4 |       ||    10
       Flail             |       |       |    51 |    30 ||    81
 Cast: Foxfire           |    57 |    42 |   164 |    55 ||   318
       Scorch            |     2 |    15 |    64 |    39 ||   120
       Conjure Flame     |       |       |     1 |     2 ||     3
       Flame Wave        |       |       |       |    18 ||    18
  Use: Scroll            |       |       |    24 |     4 ||    28
       Potion            |       |       |     1 |     2 ||     3
Armor: Robe              |    15 |     1 |     9 |       ||    25
       Leather armour    |       |       |    48 |    58 ||   106
Dodge: Dodged            |    14 |    10 |    70 |    47 ||   141
